 Dungeon Crawl Stone Soup version 0.29.0-7-g18a832c13a (webtiles) character file.

Game seed: 8510210976247112378

555 nickcage the Sneak (level 7, -2/32 HPs)
             Began as a Spriggan Enchanter on Aug 30, 2022.
             Slain by a killer bee zombie (4 damage)
             ... in an ossuary.
             The game lasted 00:17:18 (4937 turns).

nickcage the Sneak (Spriggan Enchanter)             Turns: 4937, Time: 00:17:19

Health: -2/32      AC:  2    Str:  4    XL:     7   Next: 8%
Magic:  12/12      EV: 17    Int: 16    God:
Gold:   190        SH:  0    Dex: 18    Spells: 8/11 levels left

rFire   . . .      SeeInvis +   v - +2 dagger (vamp)
rCold   . . .      Faith    .   (no shield)
rNeg    . . .      Spirit   .   b - +0 robe
rPois   .          Reflect  .   (helmet restricted)
rElec   .          Harm     .   (no cloak)
rCorr   .          Rampage  .   (gloves unavailable)
Will    +....                   (boots unavailable)
Stlth   +++.......              (no amulet)
HPRegen 0.10/turn               (no ring)
MPRegen 0.13/turn               (no ring)

@: very quick
A: very small, no large weapons, unfitting armour, see invisible, speed 3
a: no special abilities


You were in an ossuary.
You visited 1 branch of the dungeon, and saw 5 of its levels.
You also visited: Ossuary.

You collected 190 gold pieces.

Inventory:

Hand Weapons
 a - a +1 dagger
 t - a +0 dagger of pain
 v - a +2 vampiric dagger (weapon)
Missiles
 e - 2 throwing nets
 u - 2 boomerangs (quivered)
 w - 4 poisoned darts
Armour
 b - a +0 robe (worn)
Jewellery
 x - a ring of fire
Wands
 r - a wand of roots (5)
Scrolls
 g - a scroll of fear {unknown}
 h - 4 scrolls of identify {unknown}
 k - 2 scrolls of enchant armour {unknown}
 n - a scroll of summoning {unknown}
 p - 3 scrolls of teleportation {unknown}
 q - a scroll of immolation {unknown}
 s - a scroll of torment {unknown}
Potions
 c - 2 potions of invisibility
 d - 4 potions of curing {unknown}
 f - 2 potions of lignification {unknown}
 i - a potion of brilliance {unknown}
 j - a potion of might {unknown}
 l - a potion of resistance {unknown}
 m - a potion of mutation {unknown}
 o - a potion of degeneration {unknown}


   Skills:
 * Level 5.7 Short Blades
 - Level 2.6 Dodging
 - Level 6.3 Stealth
 - Level 2.6 Spellcasting
 - Level 6.2 Hexes
 - Level 1.1 Ice Magic
 + Level 0.1 Evocations


You had 8 spell levels left.
You knew the following spells:

 Your Spells              Type           Power      Damage    Failure   Level
a - Ensorcelled Hibernat  Hex/Ice        26%        N/A       6%          2
b - Summon Small Mammal   Summ           8%         N/A       19%         1

Your spell library contained the following spells:

 Spells                   Type           Power      Damage    Failure   Level
 Confusing Touch          Hex            22%        N/A       4%          3
 Tukima's Dance           Hex            22%        N/A       4%          3
 Dazzling Flash           Conj/Hex       24%        N/A       16%         3
 Inner Flame              Hex/Fire       12%        N/A       16%         3
 Summon Guardian Golem    Hex/Summ       12%        N/A       16%         3
 Foxfire                  Conj/Fire      8%         2x1d4     19%         1
 Static Discharge         Conj/Air       2%         3-4/arc   28%         2
 Sublimation of Blood     Necr           2%         N/A       28%         2
 Call Canine Familiar     Summ           2%         N/A       50%         3
 Conjure Flame            Conj/Fire      2%         6-21      50%         3
 Ignite Poison            Fire/Tmut/Pois 2%         N/A       50%         3
 Mephitic Cloud           Conj/Pois/Air  2%         N/A       50%         3
 Yara's Violent Unravell  Hex/Tmut       6%         3d5       83%         5
 Dispel Undead            Necr           2%         3d7       88%         4
 Flame Wave               Conj/Fire      2%         2d4       88%         4
 Passage of Golubria      Tloc           2%         N/A       88%         4
 Petrify                  Tmut/Erth      2%         N/A       88%         4
 Sticky Flame             Conj/Fire      2%         2d3       88%         4
 Freezing Cloud           Conj/Ice/Air   1%         6-21      99%         5
 Irradiate                Conj/Tmut      1%         3d12      99%         5


Dungeon Overview and Level Annotations

Branches:
Dungeon (5/15)            Ossuary (1/1)
 Temple: D:4-7

Altars:
Gozag
Makhleb
Ru

Shops:
D:4 *

Annotations:
D:4 Dowan, Duvessa, Pikel


Innate Abilities, Weirdness & Mutations

You are very small and have problems with some larger weapons.
You are too small for most types of armour.
You have supernaturally acute eyesight. (SInv)
You cover ground extremely quickly. (Speed+++)


Message History

The killer bee zombie hits you.
You hit the killer bee zombie.
The killer bee zombie is moderately damaged.
Your bat barely misses the killer bee zombie.
The killer bee zombie closely misses you.
The killer bee zombie hits you.
* * * LOW HITPOINT WARNING * * *
The mummy hits your bat.
Your bat dies!
Your bat's corpse disappears in a puff of smoke!
You closely miss the killer bee zombie.
The killer bee zombie is moderately damaged.
The killer bee zombie completely misses you.
You hit the killer bee zombie.
The killer bee zombie is moderately damaged.
The killer bee zombie closely misses you.
You barely miss the killer bee zombie.
Your punch misses the killer bee zombie.
The killer bee zombie is moderately damaged.
The killer bee zombie barely misses you.
You hit the killer bee zombie but do no damage.
The killer bee zombie is moderately damaged.
The killer bee zombie hits you.
* * * LOW HITPOINT WARNING * * *
The killer bee zombie misses you.
A mummy opens the door.
A howler monkey zombie comes into view.
You closely miss the killer bee zombie.
The killer bee zombie is moderately damaged.
The killer bee zombie closely misses you.
You hit the killer bee zombie.
The killer bee zombie is heavily damaged.
The killer bee zombie barely misses you.
You barely miss the killer bee zombie.
The killer bee zombie is heavily damaged.
The killer bee zombie closely misses you.
The killer bee zombie completely misses you.
You hit the killer bee zombie.
The killer bee zombie is heavily damaged.
The killer bee zombie hits you.
You die...

+#+#+#+#+#
.......@.+
##.#####Z#
#...#Z'.#
#.∩.'.###
#∩..#.'.#
#####.###
+.+ #.#
#~~


You could see a killer bee zombie and a howler monkey zombie.

Vanquished Creatures
  A necrophage (D:4)
  3 scorpions
  3 hounds (D:4)
  A jelly (D:4)
  An iguana (D:4)
  Natasha (thrice) (D:2)
  A gnoll (D:1)
  2 adders
  An ufetubus (D:3)
  A worm (D:2)
  6 orcs (D:4)
  A bat (D:3)
  8 endoplasms
  3 giant cockroaches
  5 goblins
  6 hobgoblins
  3 jackals (D:1)
  A quokka (D:3)
  6 ball pythons
  2 frilled lizards
  8 kobolds
  3 rats
69 creatures vanquished.

Vanquished Creatures (others)
  3 withered plants (Ossuary)
3 creatures vanquished.

Grand Total: 72 creatures vanquished

Notes
Turn   | Place    | Note
-------+----------+-------------------------------------------
     0 | D:1      | nickcage the Spriggan Enchanter began the quest for the
                  | Orb.
     0 | D:1      | Reached XP level 1. HP: 9/9 MP: 5/5
    11 | D:1      | Got the Compilation of Fascination
   158 | D:1      | Reached XP level 2. HP: 10/13 MP: 6/6
   174 | D:1      | Learned a level 2 spell: Ensorcelled Hibernation
   575 | D:1      | Reached skill level 5 in Hexes
   575 | D:1      | Reached XP level 3. HP: 16/16 MP: 5/8
   895 | D:2      | Noticed Natasha
   903 | D:2      | Killed Natasha
   929 | D:2      | Noticed Natasha
   940 | D:2      | Killed Natasha
   941 | D:2      | Reached XP level 4. HP: 12/21 MP: 2/9
  1002 | D:2      | Noticed Natasha
  1076 | D:2      | Killed Natasha
  1077 | D:2      | Reached skill level 1 in Ice Magic
  1199 | D:2      | Noticed a scorpion
  1208 | D:2      | Killed a scorpion
  1209 | D:2      | Reached skill level 5 in Stealth
  1209 | D:2      | Reached XP level 5. HP: 10/24 MP: 7/10
  1718 | D:2      | Found a burning altar of Makhleb.
  2172 | D:2      | Found a faded altar of an unknown god.
  2585 | D:3      | Found a sacrificial altar of Ru.
  2775 | D:3      | Noticed a black bear
  3042 | D:4      | Found Gozag's Platinum Reserve.
  3049 | D:4      | Reached XP level 6. HP: 28/28 MP: 11/11
  3177 | D:3      | Learned a level 1 spell: Summon Small Mammal
  4015 | D:4      | Noticed Dowan
  4019 | D:4      | Noticed Duvessa
  4184 | D:4      | Reached skill level 5 in Short Blades
  4523 | D:4      | Reached XP level 7. HP: 32/32 MP: 12/12
  4637 | D:4      | Noticed Pikel
  4681 | D:4      | Found an opulent altar of Gozag.
  4863 | D:5      | Entered Level 5 of the Dungeon
  4893 | D:5      | Found a sand-covered staircase.
  4898 | Ossuary  | Entered an ossuary
  4937 | Ossuary  | Slain by a killer bee zombie

Illustrated notes

Levels and vault maps discovered:
D:1:      lightli_arrival_maybe_door_vault, layout_rooms, minmay_tetromino_o2
D:2:      layout_basic, basic_altar, shapermc_ecumenical_altar_hornbeckon,
          uniq_natasha
D:3:      layout_basic, mainiacjoe_overflow_cross_hatched,
          lightli_corner_chamber
D:4:      layout_rooms, nicolae_gozag_zags_fifth_avenue, uniq_duvessa,
          uniq_pikel
D:5:      layout_basic, enter_ossuary_2, st_stairs_2, uniq_edmund,
          uniq_blork_the_orc
Ossuary:  ossuary_zaba_flooded

Skill      XL: |  1  2  3  4  5  6 |
---------------+-------------------+-----
Hexes          | 4 5 6 |  6.2
Ice Magic      | 1 |  1.1
Stealth        | 5 6 |  6.3
Short Blades   | 3 5 |  5.7
Dodging        | |  2.6
Spellcasting   | |  2.6
Evocations     | |  0.1

Action                   |  1- 3 |  4- 6 |  7- 9 || total
-------------------------+-------+-------+-------++-------
Melee: Dagger            |    46 |    98 |    29 ||   173
       Punch             |       |     2 |       ||     2
Throw: Boomerang         |       |     4 |       ||     4
 Cast: Ensorcelled Hiber |    11 |    32 |       ||    43
       Summon Small Mamm |       |       |     1 ||     1
Evoke: Wand              |       |     1 |       ||     1
 Stab: Sleeping          |    16 |    36 |       ||    52
Armor: Robe              |     7 |       |       ||     7
Dodge: Dodged            |    25 |    72 |    24 ||   121
